 Dungeon Crawl Stone Soup version 0.20-a0-433-g9e36e56 (webtiles) character file.

99 Gorice the Skirmisher (level 4, -1/35 HPs)
             Began as a Demonspawn Arcane Marksman on Jan 3, 2017.
             Slain by Purgy (3 damage)
             ... in a sewer on Jan 4, 2017.
             The game lasted 00:14:54 (2622 turns).

Gorice the Skirmisher (Demonspawn Arcane Marksman)  Turns: 2622, Time: 00:14:56

Health: -1/35      AC:  6    Str: 11    XL:     4   Next: 45%
Magic:  5/5        EV:  9    Int: 15    God:
Gold:   114        SH:  0    Dex: 13    Spells: 4/5 levels left

rFire  . . .     SeeInvis .     o - +0 flail
rCold  + . .     Gourm    .     d - +0 scale mail
rNeg   . . .     Faith    .     (no shield)
rPois  .         Spirit   .     (no helmet)
rElec  .         Reflect  .     (no cloak)
rCorr  .         Harm     .     (no gloves)
MR     .....                    (boots unavailable)
Stlth  ..........               (no amulet)
                                (no ring)
                                g - ring of protection from cold

@: no status effects
A: talons 3
a: no special abilities


You were in a sewer.
You were not hungry.

You visited 1 branch of the dungeon, and saw 3 of its levels.
You also visited: Sewer.

You collected 114 gold pieces.

Inventory:

Hand Weapons
 a - a +2 dagger of protection
   (You took it off a goblin on level 2 of the Dungeon)
 b - a +0 hunting sling
 o - a +0 flail (weapon)
Missiles
 i - 12 sling bullets
 j - 18 poisoned needles
 Z - 62 stones (quivered)
Armour
 d - a +0 scale mail (worn)
 e - a +0 robe
 n - a +0 ring mail
Jewellery
 g - a ring of protection from cold (left hand)
Scrolls
 q - a scroll of noise {unknown}
Potions
 l - a potion of brilliance {!q}
 p - a potion of curing {unknown}
 r - a potion of magic {unknown}
Books
 h - a book of Debilitation
Comestibles
 f - 4 bread rations {!e}


   Skills:
 + Level 3.3 Fighting
 + Level 3.0 Throwing
 - Level 1.7 Dodging
 - Level 1.0 Spellcasting
 - Level 3.0 Hexes


You had 4 spell levels left.
You knew the following spells:

 Your Spells              Type           Power        Failure   Level  Hunger
a - Corona                Hex            #......      52%         1    ##.....


Dungeon Overview and Level Annotations

Branches:
Dungeon (3/15)

Altars:

Annotations:
Sewer Purgy


Innate Abilities, Weirdness & Mutations

You have claws for feet.


Message History

Purgy is severely wounded.
Purgy bites you!
* * * LOW HITPOINT WARNING * * *
Purgy barely misses you. Purgy closely misses you.
The frilled lizard bites you but does no damage. x2
Purgy barely misses you. x2; Purgy claws you but does no damage.
The frilled lizard bites you.
* * * LOW HITPOINT WARNING * * *
The frilled lizard bites you but does no damage.
Unknown command.
Damage: 8 (max 9)
You closely miss Purgy. Your kick misses Purgy.
Purgy is severely wounded.
Purgy bites you but does no damage. Purgy barely misses you. Purgy claws you.
* * * LOW HITPOINT WARNING * * *
The frilled lizard closely misses you. x2
Unknown command.
Damage: 2 (max 9) Unknown command.
You sock Purgy!
Purgy is almost dead.
Purgy bites you but does no damage. Purgy closely misses you.
Purgy barely misses you.
The frilled lizard bites you but does no damage.
The frilled lizard closely misses you. Purgy bites you but does no damage.
Purgy claws you but does no damage. Purgy barely misses you.
Unknown command.
Unknown command.
Your scale mail prevents you from hitting Purgy.
Purgy is severely wounded.
The frilled lizard closely misses you. The frilled lizard barely misses you.
Purgy bites you but does no damage. Purgy barely misses you.
Purgy claws you but does no damage.
The frilled lizard bites you but does no damage.
The frilled lizard closely misses you.
Unknown command.
You hit Purgy.
Purgy is severely wounded.
Purgy bites you but does no damage. Purgy claws you but does no damage. x2
The frilled lizard closely misses you.
The frilled lizard bites you but does no damage.
Unknown command.
Unknown command.
You closely miss Purgy.
Purgy is severely wounded.
Purgy closely misses you. Purgy claws you but does no damage. x2
The frilled lizard closely misses you. The frilled lizard barely misses you.
Purgy snarls, "Go!
Away!"
Purgy completely misses you. Purgy barely misses you. Purgy claws you.
You die...

≈######≈≈###≈##
≈≈≈#≈≈≈≈≈≈#≈≈≈####
≈≈≈≈≈≈≈≈≈≈≈≈≈≈≈≈≈##
≈≈≈≈≈≈≈≈≈≈≈≈≈≈≈≈≈≈##
≈≈≈≈≈≈≈≈≈≈≈≈≈≈≈≈≈≈≈##
≈≈≈≈≈≈≈≈≈≈≈≈≈≈≈≈≈≈≈≈###
≈≈≈≈≈≈≈ll≈≈≈≈≈≈≈≈≈≈≈≈≈#
≈≈≈≈≈≈≈T@≈≈≈≈≈≈≈≈≈≈≈≈≈##
≈≈≈≈≈≈≈##.#≈.≈≈≈≈≈≈≈≈≈≈#
≈≈≈≈...
###..≈≈≈≈≈≈≈≈≈≈##
≈≈≈.### ###≈≈.≈≈≈≈≈≈≈≈#
≈## #.#.≈≈≈≈≈≈≈##
#####.≈≈≈≈≈≈≈ #.≈≈≈≈≈≈≈
##≈≈≈≈≈≈# #≈≈≈≈≈≈≈#


You could see Purgy and 2 frilled lizards.

Vanquished Creatures
  2 adders (D:2)
  An ooze (D:1)
  2 worms (D:2)
  2 dart slugs (D:1)
  An orc (D:2)
  2 ball pythons
  6 giant cockroaches
  7 goblins
  3 hobgoblins
  13 jackals
  6 kobolds
  9 bats
  4 frilled lizards
  3 rats (D:2)
61 creatures vanquished.

Notes
Turn   | Place    | Note
-------+----------+-------------------------------------------
     0 | D:1      | Gorice the Demonspawn Arcane Marksman began the quest for the Orb.
     0 | D:1      | Reached XP level 1. HP: 15/15 MP: 2/2
   190 | D:1      | Reached skill level 2 in Throwing
   195 | D:1      | HP: 4/15 [hobgoblin (1)]
   197 | D:1      | Gained mutation: You have sharp toenails. [demonic ancestry]
   197 | D:1      | Reached XP level 2. HP: 6/21 MP: 3/3
   514 | D:1      | Reached skill level 2 in Fighting
  1118 | D:1      | Gained mutation: You have razor-sharp toenails. [demonic ancestry]
  1118 | D:1      | Reached XP level 3. HP: 24/28 MP: 2/4
  1956 | D:2      | Reached skill level 3 in Fighting
  1956 | D:2      | Gained mutation: You have claws for feet. [demonic ancestry]
  1956 | D:2      | Reached XP level 4. HP: 35/35 MP: 2/5
  2224 | D:2      | Reached skill level 3 in Throwing
  2325 | D:3      | Found a glowing drain.
  2562 | Sewer    | Entered a sewer
  2593 | Sewer    | Noticed Purgy
  2617 | Sewer    | HP: 4/35 [Purgy (7)]
  2618 | Sewer    | HP: 1/35 [Purgy (2)]
  2622 | Sewer    | Slain by Purgy

Vault maps used:
D:1:      saegor_arrival_under_anarchy
D:2:      first_bread, st_stairs_8
D:3:      portal_sewer_entry_a, st_stairs_7, uniq_natasha
Sewer:    sewer_co_purgy_island

Skill      XL: |  1  2  3  4 |
---------------+-------------+-----
Throwing       | 2 3 |  3.0
Fighting       | 2 3 |  3.3
Dodging        | |  1.7
Spellcasting   | |  1.0
Hexes          | |  3.0

Action                   |  1- 3 |  4- 6 || total
-------------------------+-------+-------++-------
Melee: Dagger            |    80 |    69 ||   149
       Unarmed           |     1 |       ||     1
       Kick              |    15 |    12 ||    27
       Flail             |       |     6 ||     6
 Fire: Hunting sling     |    99 |    18 ||   117
Throw: Javelin           |     4 |     5 ||     9
       Throwing net      |     1 |     1 ||     2
 Cast: Corona            |    11 |       ||    11
  Use: Scroll            |       |     4 ||     4
       Potion            |       |     1 ||     1
  Eat: Chunk             |     4 |     2 ||     6
Armor: Scale mail        |    76 |   100 ||   176
Dodge: Dodged            |    65 |    95 ||   160

Table legend:
 A = Turns spent in this place as a percentage of turns spent in the entire game.
 B = Non-inter-level travel turns spent in this place as a percentage of non-inter-level travel turns spent in the entire game.
 C = Inter-level travel turns spent in this place as a percentage of turns spent in this place.
 D = Turns resting spent in this place as a percentage of non-inter-level travel turns spent in this place.
 E = Turns spent auto-exploring this place as a percentage of non-inter-level travel turns spent in this place.
 F = Non-inter-level travel turns spent in this place divided by the number of levels of this place that you've seen.
                   A       B       C       D       E      F
               +-------+-------+-------+-------+-------+----------------------
         Total | 100.0 | 100.0 |   0.1 |   1.9 |   4.5 | 242.2
       Dungeon |  91.2 |  91.2 |   0.1 |   2.0 |   5.0 | 294.7
         Sewer |   8.8 |   8.8 |   0.0 |   0.0 |   0.0 |  85.0
               +-------+-------+-------+-------+-------+----------------------

Vault maps used:
D:1:      saegor_arrival_under_anarchy
D:2:      first_bread, st_stairs_8
D:3:      portal_sewer_entry_a, st_stairs_7, uniq_natasha
Sewer:    sewer_co_purgy_island
